Description

Lambo's Advanced ZvP Early Game guide, but I've only left the following:

  • Overlords
  • Queens
  • Buildings
  • Upgrades

Just doing this to make it easier to grind the build in Overwolf.

Build Order

Get SALT Encoding   

  13  0:12  Overlord  
  16  0:48  Hatchery  
  18  1:09  Extractor  
  17  1:14  Spawning Pool  
  20  1:52  Overlord  
  20  2:00  Queen x2  
  26  2:14  Metabolic Boost  
  32  2:38  Hatchery  
  32  2:45  Overlord  
  32  2:52  Queen  
  36  3:05  Overlord  
  36  3:06  Queen  
  43  3:23  Overlord  
  44  3:29  Queen  
  47  3:37  Spore Crawler  
  50  3:51  Queen  
  63  4:20  Lair  
  66  4:27  Roach Warren  
  66  4:30  Extractor x2  
  66  4:38  Spore Crawler  
  74  5:00  Evolution Chamber  
  78  5:10  Extractor  
  78  5:13  Spore Crawler  
  80  5:24  Extractor x2  
  85  5:46  Infestation Pit  
  85  5:49  Hatchery  
Spawning Tool Build Advisor. Get it on Overwolf

Go to:

Details

  • Created by: janpol8
  • Published on: Jul 22, 2021
  • Modified on: Jul 22, 2021
  • Patch: 4.11.0
  • Difficulty: Medium
Show
View Real Time Build Order
Export as new Build Order

Comments (0)

There are no comments. Be the first!

Create an account to comment!